 Dungeon Crawl Stone Soup version 0.17-a0-1575-g9a29ec8 (webtiles) character file.

3600 HEYYEYAAE the Carver (level 9, 0/82 HPs)
             Began as a Red Draconian Berserker on July 26, 2015.
             Was a High Priest of Trog.
             Slain by an orc warrior
             ... wielding a +0 glaive
              (24 damage)
             ... in a bailey.
             The game lasted 00:10:21 (7116 turns).

HEYYEYAAE the Carver (Red Draconian Berserker)      Turns: 7116, Time: 00:10:21

Health: 0/82       AC: 14    Str: 22    XL:     9   Next: 85%
Magic:  3/3        EV: 15    Int:  7    God:    Trog [*****.]
Gold:   23         SH:  0    Dex: 12    Spells: 0 memorised, 8 levels left

rFire  + . .     SeeInvis +     H - +6 great sword (antimagic)
rCold  . . .     Clarity  .     (armour unavailable)
rNeg   . . .     SustAt   .     (no shield)
rPois  .         Gourm    .     (helmet restricted)
rElec  .         Spirit   .     x - +2 cloak
rCorr  .         Warding  .     (no gloves)
rMut   .         Stasis   .     c - +0 pair of boots
MR     .....                    (no amulet)
Stlth  +.........               (no ring)
                                a - +3 ring of protection

@: not resistant to hostile enchantments, very unstealthy
A: breathe fire, unfitting armour, beak, stinger 1, see invisible, fire
resistance 1, cold-blooded, AC +7
a: Breathe Fire, Burn Spellbooks, Berserk, Trog's Hand, Brothers in Arms,
Renounce Religion


You were in a bailey.
You worshipped Trog.
Trog was extremely pleased with you.
You were hungry.

You visited 1 branch of the dungeon, and saw 9 of its levels.
You also visited: Bailey.

You collected 543 gold pieces.
You spent 520 gold pieces at shops.

Inventory:

Hand weapons
 H - a +6 antimagic great sword (weapon)
Armour
 b - a quicksilver dragon armour
 c - a +0 pair of boots (worn)
 x - a +2 cloak (worn)
Jewellery
 a - a +3 ring of protection (left hand)
 u - an uncursed ring of teleportation
 I - an uncursed ring of flight {unknown}
Magical devices
 y - a wand of flame (0)
Scrolls
 d - 3 scrolls of enchant weapon
 g - 3 scrolls of magic mapping
 k - a scroll of fear
 l - 2 scrolls of teleportation
 m - 3 scrolls of fog {unknown}
 o - a scroll of amnesia
 v - 2 scrolls of blinking
 A - 3 scrolls of recharging {unknown}
 B - a scroll of enchant armour {unknown}
 F - a scroll of immolation {unknown}
Potions
 j - 2 potions of curing
 n - a potion of brilliance
 p - 3 potions of flight
 q - 2 potions of mutation {unknown}
 r - 2 potions of might {unknown}
 s - 3 potions of haste {unknown}
 w - 2 potions of agility {unknown}
 z - 2 potions of heal wounds {unknown}
 C - a potion of invisibility {unknown}
 D - 2 potions of lignification {unknown}
 E - a potion of poison {unknown}
 G - a potion of magic {unknown}
Comestibles
 f - a beef jerky
 h - 4 bread rations
 i - 3 chunks of flesh
 t - 2 meat rations


   Skills:
 * Level 8.5 Fighting
 * Level 9.5 Long Blades
 * Level 7.3 Dodging
 + Level 3.5 Evocations


You had 8 spell levels left.
You didn't know any spells.

Dungeon Overview and Level Annotations

Branches:
Dungeon (9/15)             Temple (0/1) D:6
   Lair: D:8-11         Orc: D:9-12

Altars:
Fedhas
Gozag
Okawaru
Qazlal
Vehumet
Yredelemnul
Zin

Shops:
D:4 [   D:5 *   D:8 =


Innate Abilities, Weirdness & Mutations

You can breathe blasts of fire.
Your fiery red scales are hard (AC +7).
Your body does not fit into most forms of armour.
Your flesh is heat resistant.
You are cold-blooded and may be slowed by cold attacks.
You have a beak for a mouth.
Your tail ends in a poisonous barb.
You have supernaturally acute eyesight.


Message History

The orc knight roars a battlecry!
The orc warriors go into a battle-frenzy!
The orc warrior shoots a bolt.
The bolt hits you!
Found a glowing naga barding and a stone of tremors.
An orc warrior comes into view. It is wielding a halberd.
The orc warrior shouts!
The orc warrior hits you from afar with a glaive!!
* * * LOW HITPOINT WARNING * * *
The orc warrior shoots a bolt.
The bolt barely misses you.
The bolt hits the orc warrior!
Found a meat ration.
There is an open door, spattered with blood here.
Unknown command.
Drink which item? (? for menu, Esc to quit)
Okay, then.
The orc warrior shoots a bolt.
The bolt barely misses you.
Unknown command.
Unknown command.
The orc warrior hits you from afar with a glaive!!
You die...

## ###
##o###########∩##
#...##.....##(∩(# .
#}.@#..≈≈≈..#((.#..≈
#[..#.≈≈o≈≈...(...≈≈
#.o.'.≈ooo≈.......≈o
#..o#(≈≈o≈≈.......≈≈
#...#..≈≈≈..#...#..≈
#%..##...(.##...##..
##.###########∩## ##
## ###


You could see 3 orc warriors.

Vanquished Creatures
  3 yaks (D:8)
  An eye of draining (D:8)
  2 orc warriors
  2 phantoms
  A wasp (D:8)
  An ice beast (D:9)
  6 ogres
  A sky beast (D:7)
  2 black bears (D:8)
  2 centaurs (D:8)
  A necrophage (D:5)
  A big kobold (D:8)
  4 giant frogs
  3 scorpions
  A quasit (D:6)
  4 hounds
  5 orc wizards
  A centaur zombie (D:8)
  2 orc priests
  An iguana (D:8)
  A crimson imp (D:5)
  2 giant frog skeletons
  4 worker ants
  A hound zombie (D:7)
  2 hound skeletons
  Robin (D:2)
  14 adders
  3 gnolls (D:5)
  4 shadow imps
  An ooze (D:1)
  4 worms
  2 adder skeletons
  6 giant geckos
  26 orcs
  17 bats
  A bat skeleton (D:5)
  3 giant cockroaches
  23 goblins
  17 hobgoblins
  15 jackals
  2 quokkas
  2 ball pythons
  5 giant newts
  14 kobolds
  7 rats
221 creatures vanquished.

Notes
Turn   | Place    | Note
--------------------------------------------------------------
     0 | D:1      | HEYYEYAAE the Draconian Berserker began the quest for the Orb.
     0 | D:1      | Reached XP level 1. HP: 19/19 MP: 1/1
   115 | D:1      | Reached XP level 2. HP: 23/26 MP: 2/2
   754 | D:2      | Reached XP level 3. HP: 25/33 MP: 3/3
   831 | D:2      | Found a stormy altar of Qazlal.
   875 | D:2      | Noticed Robin
   878 | D:2      | Acquired Trog's second power
   886 | D:2      | Killed Robin
   897 | D:2      | Reached skill level 4 in Fighting
  1054 | D:2      | Reached XP level 4. HP: 38/40 MP: 4/4
  1159 | D:2      | You fall through a shaft for 2 floors!
  1211 | D:4      | Noticed an ogre
  1233 | D:4      | Killed an ogre
  1233 | D:4      | Reached XP level 5. HP: 14/47 MP: 5/5
  1414 | D:4      | Reached skill level 5 in Long Blades
  1588 | D:4      | Noticed an ogre
  1596 | D:4      | Killed an ogre
  1596 | D:4      | Reached XP level 6. HP: 20/53 MP: 6/6
  1830 | D:4      | Found Duloquug's Armour Shop.
  2009 | D:4      | Noticed a phantom
  2049 | D:4      | Killed a phantom
  2049 | D:4      | Reached skill level 5 in Fighting
  2117 | D:4      | Found a blossoming altar of Fedhas.
  2309 | D:4      | Reached skill level 6 in Long Blades
  2610 | D:3      | Your scales start taking on a fiery red colour.
  2610 | D:3      | Gained mutation: Your flesh is heat resistant. [Red Draconian growth]
  2610 | D:3      | Reached XP level 7. HP: 54/61 MP: 7/7
  2784 | D:3      | Found a stormy altar of Qazlal.
  3502 | D:5      | Entered Level 5 of the Dungeon
  3610 | D:5      | Acquired Trog's third power
  3761 | D:5      | Reached skill level 7 in Long Blades
  4119 | D:5      | Found an opulent altar of Gozag.
  4199 | D:5      | Found a radiant altar of Vehumet.
  4217 | D:5      | Found Attineif's General Store.
  4237 | D:5      | Bought 3 scrolls of enchant weapon for 247 gold pieces
  4711 | D:6      | Reached XP level 8. HP: 68/70 MP: 8/8
  4812 | D:6      | Reached skill level 5 in Dodging
  5002 | D:6      | Found an iron altar of Okawaru.
  5003 | D:6      | Found a basalt altar of Yredelemnul.
  5036 | D:6      | Found a staircase to the Ecumenical Temple.
  5294 | D:7      | Reached skill level 1 in Evocations
  5413 | D:7      | Reached skill level 8 in Long Blades
  5729 | D:7      | Gained mutation: You have supernaturally acute eyesight. [mutagenic meat]
  5730 | D:7      | Gained mutation: You have a beak for a mouth. [mutagenic meat]
  5732 | D:7      | Gained mutation: Your tail ends in a poisonous barb. [mutagenic meat]
  5856 | D:8      | Reached XP level 9. HP: 76/79 MP: 10/10
  6329 | D:8      | Found Piquasut's Jewellery Shop.
  6405 | D:8      | Received a gift from Trog
  6480 | D:8      | Reached skill level 9 in Long Blades
  6868 | D:8      | Bought a +3 ring of protection for 273 gold pieces
  6953 | D:9      | Found a glowing silver altar of Zin.
  7010 | D:9      | Found a flagged portal.
  7017 | Bailey   | Entered a bailey
  7094 | Bailey   | Noticed an orc knight
  7095 | Bailey   | Noticed an orc knight
  7095 | Bailey   | Noticed an orc knight
  7116 | Bailey   | Slain by an orc warrior

Vault maps used:
D:1:      saegor_arrival_simple_d
D:2:      minmay_item_behind_shaft, grunt_qazlal_sundering, uniq_robin
D:3:      lemuel_round_altar, serial_bayou_ford_a, st_stairs_5
D:4:      kennysheep_little_box, serial_shops, nicolae_shop_window_shopping,
          minmay_misc_feat_diagonals, kennysheep_generic_room_14
D:5:      lemuel_doored_altar, first_bread, serial_shops, shop,
          nicolae_gozag_cash_rules_everything_around_me
D:6:      gammafunk_temple_overflow_statue, minmay_temple_entry_statues
D:8:      serial_shops, shop, kennysheep_generic_room_2
D:9:      nicolae_overflow_hidden_temple, lemuel_crystal_altar, enter_bailey_3,
          serial_shops, kennysheep_mini
Bailey:   bailey_polearm_4, bailey

Action                   |  1- 3 |  4- 6 |  7- 9 || total
-------------------------+-------+-------+-------++-------
Melee: Falchion          |    68 |       |       ||    68
       Dagger            |    42 |   191 |   463 ||   696
       Long sword        |       |       |    18 ||    18
       Great sword       |       |       |    39 ||    39
Invok: Berserk           |     1 |     1 |     6 ||     8
       Trog's Hand       |       |     1 |       ||     1
       Burn Spellbooks   |       |       |     1 ||     1
 Abil: Breathe Fire      |       |       |     1 ||     1
Evoke: Wand              |       |       |    14 ||    14
  Use: Scroll            |       |       |    13 ||    13
       Potion            |       |       |     1 ||     1
 Stab: Sleeping          |       |     1 |     1 ||     2
  Eat: Chunk             |     1 |     2 |    21 ||    24
       Meat ration       |       |     1 |       ||     1
       Bread ration      |       |       |     1 ||     1
